Map: Frozen Temple

Players

Toodming - Winner!

  • Race: Zerg Zerg

SortOf

  • Race: Zerg Zerg

Event: 2016 WCS Summer Circuit Championship (DH Montreal)

VOD

Have the link to the VOD?

Description

Time

  • Played on: Aug. 12, 2016, 4:11 p.m.
  • Length: 22:00

All games in this series

Show
View Real Time Build Order
Export as new Build Order

Toodming Zerg - Winner!

Build Orders: Hatch First 

Get SALT Encoding   

  12  0:01  Drone  
  13  0:12  Overlord  
  13  0:17  Drone  
  14  0:30  Drone  
  14  0:31  Drone  
  14  0:35  Drone  
  17  0:51  Hatchery  
  17  0:55  Drone  
  17  0:59  Drone  
  18  1:10  Extractor  
  17  1:14  Spawning Pool  
  16  1:18  Drone  
  16  1:21  Drone  
  18  1:29  Drone  
  19  1:39  Overlord  
  19  1:51  Drone  
  20  2:00  Drone, Queen  
  23  2:03  Queen  
  23  2:04  Drone  
  26  2:11  Zergling x2  
  27  2:18  Drone  
  27  2:21  Drone  
  29  2:26  Drone  
  30  2:33  Drone  
  31  2:37  Lair  
  31  2:40  Evolution Chamber  
  31  2:41  Drone  
  31  2:44  Drone  
  31  2:50  Overlord  
  32  2:54  Drone  
  32  2:57  Roach Warren  
  32  3:01  Drone  
  34  3:05  Drone  
  34  3:07  Zerg Missile Weapons Level 1  
  34  3:09  Drone x2  
  34  3:12  Drone x2  
  38  3:16  Drone  
  38  3:17  Drone  
  38  3:19  Extractor  
  39  3:21  Extractor  
  39  3:24  Drone x2  
  39  3:26  Drone  
  40  3:32  Overlord  
  40  3:36  Glial Reconstitution  
  40  3:39  Roach  
  42  3:43  Overlord  
  42  3:44  Overlord  
  42  3:51  Roach x2  
  42  3:54  Roach  
  48  3:56  Roach  
  48  4:02  Queen  
  50  4:09  Roach x3  
  54  4:12  Roach  
  55  4:18  Roach x2  
  55  4:21  Roach  
  61  4:25  Overlord  
  61  4:28  Roach  
  63  4:31  Roach  
  63  4:34  Roach  
  67  4:39  Overlord  
  67  4:44  Roach x2  
  71  4:48  Roach  
  71  4:51  Roach  
  75  4:54  Overlord  
  75  4:59  Roach  
  77  5:00  Roach  
  77  5:04  Roach  
  81  5:07  Roach  
  81  5:13  Roach x2  
  85  5:18  Roach x2  
  83  5:24  Roach  
  83  5:26  Roach  
  85  5:29  Roach  
  85  5:32  Roach  
  87  5:37  Roach  
  87  5:40  Roach  
  87  5:42  Roach  
  89  5:47  Roach  
  89  5:49  Roach  
  87  5:51  Drone  
  87  5:56  Roach  
  82  5:58  Roach  
  82  6:00  Drone x2  
  86  6:05  Roach  
  86  6:11  Roach x2  
  92  6:14  Roach  
  90  6:20  Roach  
  90  6:23  Drone, Roach  
  89  6:27  Roach  
  87  6:35  Roach  
  87  6:39  Roach  
  91  6:44  Hatchery, Roach  
  88  6:49  Roach  
  78  6:58  Drone x2  
  78  6:59  Drone  
  78  7:00  Zerg Missile Weapons Level 2  
  78  7:01  Drone x3  
  84  7:06  Overlord  
  84  7:16  Queen  
  84  7:17  Overlord x2  
  86  7:23  Roach x2  
  90  7:31  Overlord x2  
  90  7:36  Roach x2  
  94  7:38  Roach  
  94  7:41  Roach  
  98  7:44  Roach  
  100  7:57  Roach x4  
  112  8:05  Roach x2  
  112  8:06  Roach  
  112  8:10  Ravager x2  
  118  8:12  Roach  
  118  8:13  Roach  
  118  8:14  Roach  
  118  8:16  Roach  
  118  8:19  Roach  
  126  8:29  Roach x3  
  126  8:32  Drone x4  
  136  8:48  Overlord x3  
  136  8:52  Roach  
  138  9:00  Overseer  
  138  9:04  Overlord  
  138  9:09  Roach x6  
  152  9:10  Roach x2  
  152  9:15  Roach  
  152  9:16  Roach  
  158  9:19  Roach x2  
  158  9:22  Overlord  
  162  9:37  Extractor  
  161  9:43  Roach  
  161  9:44  Drone x12  
  175  10:00  Roach  
  175  10:06  Extractor  
  176  10:13  Overlord x3  
  174  10:21  Spire  
  173  10:22  Extractor  
  172  10:31  Hatchery  
  172  10:34  Roach x12  
  195  10:36  Ravager x2  
  195  11:25  Extractor  
  194  11:26  Extractor  
  193  11:34  Mutalisk x3  
  197  11:52  Mutalisk x5  
  195  11:57  Mutalisk x3  
  195  11:59  Mutalisk x2  
  178  12:02  Queen  
  178  12:03  Mutalisk  
  176  12:10  Mutalisk  
  176  12:11  Zergling x26  
  176  12:14  Mutalisk  
  183  12:31  Metabolic Boost  
  183  12:32  Overlord x2  
  183  12:33  Drone x3  
  183  12:34  Drone x3  
  175  12:37  Mutalisk x2  
  175  12:43  Mutalisk  
  164  12:46  Mutalisk  
  154  12:54  Mutalisk  
  154  12:57  Zergling x2  
  154  12:58  Zergling x2  
  128  12:59  Mutalisk  
  128  13:02  Mutalisk  
  116  13:08  Mutalisk  
  116  13:09  Overlord  
  116  13:11  Zergling x18  
  125  13:15  Zerg Flyer Weapons Level 1  
  125  13:17  Mutalisk  
  127  13:23  Mutalisk  
  129  13:32  Mutalisk  
  129  13:33  Mutalisk  
  130  13:36  Drone x5  
  130  13:39  Extractor  
  132  13:49  Mutalisk x2  
  132  13:50  Mutalisk  
  132  13:53  Mutalisk, Overlord  
  132  13:54  Drone x2  
  142  13:58  Mutalisk  
  144  14:04  Mutalisk  
  144  14:09  Mutalisk  
  144  14:22  Mutalisk x2  
  132  14:28  Mutalisk, Overlord x2  
  126  14:32  Zergling x24  
  134  14:39  Mutalisk  
  134  14:40  Mutalisk  
  138  14:53  Queen  
  138  14:54  Spore Crawler  
  138  14:57  Mutalisk x2  
  138  14:59  Drone x9  
  142  15:11  Mutalisk x3  
  130  15:17  Mutalisk  
  108  15:35  Mutalisk  
  108  15:36  Mutalisk x2  
  108  15:40  Zergling x24  
  116  15:55  Mutalisk, Zerg Flyer Armor Level 1  
  118  16:02  Hatchery  
  118  16:03  Spine Crawler  
  113  16:07  Mutalisk x2, Baneling Nest  
  117  16:11  Drone x2  
  117  16:13  Drone x2  
  119  16:18  Drone  
  119  16:20  Mutalisk x2  
  124  16:29  Mutalisk  
  125  16:35  Drone x2  
  125  16:40  Mutalisk x2  
  125  16:44  Mutalisk  
  125  16:46  Zergling x2  
  125  16:47  Zergling x16  
  140  16:58  Mutalisk x2  
  144  17:10  Mutalisk x2  
  148  17:19  Mutalisk x2  
  148  17:22  Drone  
  152  17:24  Spine Crawler  
  147  17:33  Zergling x2  
  147  17:34  Zergling x18  
  156  17:42  Drone x2  
  158  17:46  Mutalisk  
  158  17:47  Mutalisk  
  158  17:48  Zerg Flyer Weapons Level 2  
  157  18:02  Mutalisk x3  
  150  18:13  Mutalisk  
  150  18:15  Spore Crawler  
  150  18:16  Spore Crawler x2, Zergling x6  
  150  18:18  Mutalisk  
  150  18:19  Zergling x2  
  155  18:25  Mutalisk  
  153  18:30  Drone  
  153  18:31  Drone x6  
  153  18:32  Drone  
  154  18:34  Mutalisk  
  154  18:39  Baneling x2  
  150  18:47  Mutalisk  
  148  18:49  Zergling x2  
  148  18:50  Zergling x10  
  148  18:55  Drone x2  
  156  18:59  Mutalisk x2  
  158  19:15  Overlord x2  
  132  19:24  Mutalisk x3  
  132  19:27  Mutalisk  
  116  19:36  Mutalisk  
  116  19:39  Zergling x4  
  116  19:40  Zergling x2  
  116  19:43  Mutalisk  
  116  19:45  Zergling x16  
  121  19:49  Mutalisk  
  118  19:56  Mutalisk  
  118  20:02  Drone x2  
  118  20:03  Mutalisk  
  116  20:15  Mutalisk  
  113  20:22  Mutalisk  
  115  20:34  Mutalisk x2  
  117  20:38  Zergling x8  
  117  20:39  Zergling x4  
  119  20:44  Mutalisk  
  119  20:46  Zergling x12  
  127  20:56  Mutalisk  
  123  20:57  Mutalisk  
  105  21:05  Mutalisk  
Show
View Real Time Build Order
Export as new Build Order

SortOf Zerg 

Build Orders: Hatch First 

Get SALT Encoding   

  12  0:01  Drone  
  13  0:13  Overlord  
  13  0:18  Drone  
  14  0:31  Drone  
  14  0:32  Drone  
  16  0:36  Drone  
  17  0:45  Drone  
  18  0:55  Hatchery  
  17  1:07  Spawning Pool  
  17  1:10  Drone  
  17  1:14  Drone  
  19  1:18  Drone  
  19  1:21  Extractor  
  18  1:28  Drone  
  19  1:39  Overlord  
  19  1:50  Drone  
  20  1:55  Queen  
  20  2:00  Zergling x2  
  23  2:06  Queen  
  23  2:07  Drone  
  26  2:19  Drone  
  26  2:20  Metabolic Boost  
  27  2:27  Drone x2  
  27  2:29  Drone  
  30  2:34  Hatchery  
  29  2:38  Drone  
  29  2:41  Drone  
  31  2:46  Baneling Nest  
  31  2:50  Zergling x2  
  31  2:52  Drone  
  31  2:55  Drone  
  34  3:05  Overlord  
  34  3:07  Zergling x4  
  36  3:13  Overlord  
  36  3:23  Drone x4  
  36  3:24  Drone  
  41  3:29  Drone  
  42  3:34  Evolution Chamber  
  42  3:36  Drone, Roach Warren  
  42  3:37  Drone x3  
  44  3:43  Drone  
  44  3:47  Extractor, Drone x2  
  45  3:57  Drone  
  46  4:05  Zerg Missile Weapons Level 1, Lair  
  44  4:14  Drone x6  
  44  4:16  Spine Crawler  
  50  4:17  Extractor, Roach x2  
  50  4:18  Roach  
  50  4:23  Roach x2  
  57  4:26  Overlord  
  57  4:30  Drone  
  58  4:31  Overlord  
  58  4:37  Overlord  
  58  4:44  Overlord  
  58  4:45  Roach x2  
  62  4:47  Roach  
  62  4:48  Roach  
  62  4:51  Roach  
  68  4:56  Roach x2  
  68  4:57  Roach  
  74  5:01  Roach, Zergling x2  
  74  5:03  Roach  
  74  5:06  Roach  
  81  5:11  Roach x2  
  81  5:12  Zergling x2  
  86  5:15  Roach  
  86  5:18  Roach  
  86  5:19  Roach  
  86  5:20  Zergling x2  
  86  5:23  Roach  
  86  5:26  Zergling x2  
  86  5:27  Zergling x2  
  83  5:30  Roach  
  83  5:32  Roach  
  83  5:34  Zergling x2  
  86  5:37  Roach, Zergling x2  
  86  5:40  Zergling x2  
  86  5:41  Zergling x2  
  82  5:43  Zergling x2  
  82  5:44  Zergling x2  
  81  5:50  Roach  
  81  5:53  Roach  
  81  5:55  Roach  
  79  5:59  Roach  
  79  6:02  Roach  
  83  6:06  Roach  
  83  6:08  Overlord  
  85  6:13  Overlord  
  85  6:16  Roach  
  85  6:21  Roach  
  84  6:30  Roach x5  
  84  6:32  Queen  
  93  6:39  Ravager, Roach x3  
  98  6:48  Roach, Zergling x4  
  100  6:54  Glial Reconstitution  
  100  6:55  Drone x2  
  100  6:57  Drone, Queen  
  100  7:00  Drone  
  106  7:01  Overlord  
  106  7:06  Zerg Missile Weapons Level 2  
  106  7:09  Overseer  
  106  7:14  Overlord  
  106  7:22  Drone x6  
  112  7:27  Overlord  
  112  7:33  Ravager  
  112  7:35  Roach x2  
  117  7:38  Roach  
  117  7:42  Roach  
  121  7:44  Overlord x2  
  121  7:48  Roach x2  
  121  7:51  Roach  
  127  7:52  Roach  
  127  7:54  Overlord  
  129  7:59  Drone, Overlord x2  
  129  8:04  Roach x4  
  138  8:10  Ravager  
  138  8:12  Overlord  
  139  8:13  Overlord  
  139  8:15  Overseer  
  139  8:18  Roach x2  
  143  8:20  Roach  
  143  8:22  Overlord  
  143  8:23  Extractor, Roach  
  146  8:28  Overlord  
  146  8:30  Overlord  
  146  8:31  Overlord  
  146  8:33  Roach x3  
  152  8:38  Roach x2  
  152  8:41  Roach  
  157  8:47  Roach x2  
  161  8:50  Roach  
  163  8:57  Roach x3  
  163  8:59  Overlord  
  168  9:09  Roach x5  
  178  9:10  Overlord  
  178  9:13  Drone  
  178  9:15  Extractor, Roach  
  180  9:18  Overlord  
  180  9:25  Roach x4  
  188  9:31  Roach  
  188  9:32  Roach x2  
  194  9:42  Drone  
  194  9:43  Drone x2  
  194  9:45  Extractor  
  192  9:51  Spire  
  191  9:53  Drone x2  
  191  9:54  Overlord  
  191  10:02  Drone x2  
  191  10:12  Ravager  
  191  10:13  Hatchery  
  191  10:16  Roach  
  191  10:17  Overlord  
  191  10:27  Spine Crawler  
  190  10:29  Spine Crawler  
  190  10:34  Roach x4  
  190  10:35  Roach  
  199  10:39  Overlord x3  
  199  10:42  Ravager  
  200  11:10  Mutalisk, Zerg Flyer Weapons Level 1  
  200  11:11  Mutalisk x5  
  191  11:14  Mutalisk x3  
  197  11:21  Mutalisk  
  197  11:25  Drone x2  
  197  11:26  Mutalisk  
  195  11:33  Mutalisk  
  189  11:40  Roach x3  
  189  11:41  Roach x2  
  192  11:55  Hatchery  
  183  12:11  Mutalisk x5  
  187  12:32  Mutalisk  
  187  12:33  Mutalisk x3  
  179  12:42  Mutalisk, Zergling x8  
  179  12:43  Zergling x6  
  174  12:50  Mutalisk  
  174  12:51  Mutalisk, Zergling x6  
  158  12:53  Zergling x4  
  130  13:01  Zergling x4  
  130  13:02  Extractor x2  
  92  13:07  Mutalisk  
  92  13:12  Zerg Flyer Armor Level 1  
  94  13:18  Mutalisk x2  
  95  13:27  Drone  
  95  13:28  Drone x2  
  95  13:29  Drone x2  
  95  13:33  Mutalisk  
  95  13:34  Mutalisk  
  100  13:39  Mutalisk  
  100  13:40  Zergling x8  
  101  13:47  Mutalisk, Zergling x4  
  105  13:54  Mutalisk x2  
  105  13:55  Zergling x6  
  112  14:06  Mutalisk x2  
  112  14:09  Zergling x12  
  122  14:21  Mutalisk x2  
  122  14:22  Zergling x6  
  122  14:31  Mutalisk x3  
  128  14:41  Mutalisk  
  128  14:43  Mutalisk  
  128  15:02  Mutalisk x2  
  128  15:03  Zergling x6  
  123  15:09  Mutalisk x3, Zergling x4  
  123  15:10  Zergling x4  
  123  15:11  Zergling x6  
  115  15:14  Mutalisk  
  115  15:15  Zergling x4  
  115  15:17  Zergling x2  
  115  15:21  Mutalisk, Zergling x2  
  104  15:26  Zergling x4  
  107  15:39  Mutalisk x2, Zergling x2  
  107  15:40  Zergling x6  
  112  15:49  Mutalisk x2  
  112  15:50  Zergling x4  
  116  16:03  Mutalisk x2, Zergling x4  
  122  16:12  Mutalisk x3  
  125  16:20  Mutalisk, Zergling x6  
  125  16:22  Zergling x2  
  131  16:31  Mutalisk x2  
  131  16:41  Mutalisk x3  
  137  16:59  Spore Crawler  
  133  17:05  Mutalisk x3  
  133  17:07  Hatchery  
  135  17:08  Zergling x4  
  136  17:20  Mutalisk x3  
  136  17:21  Zergling x2  
  143  17:28  Mutalisk  
  145  17:31  Zergling x2  
  145  17:32  Zergling x8  
  150  17:38  Overlord  
  150  17:41  Overlord  
  150  17:44  Mutalisk  
  149  17:54  Mutalisk x2  
  151  18:01  Mutalisk  
  151  18:02  Drone, Zergling x8  
  151  18:03  Zergling x4  
  158  18:19  Mutalisk x2  
  138  18:24  Drone x2  
  142  18:32  Mutalisk  
  142  18:33  Zergling x2  
  121  18:43  Mutalisk  
  123  18:59  Zergling x2  
  122  19:05  Zergling x2  
  122  19:06  Zergling x4  
  123  19:17  Zergling x4  
  123  19:22  Mutalisk  
  123  19:23  Zergling x4  
  107  19:25  Zergling x2  
  82  19:35  Mutalisk  
  80  19:46  Drone x2  
  80  19:52  Mutalisk  
  84  20:03  Mutalisk  
  83  20:11  Mutalisk  
  84  20:20  Mutalisk  
  86  20:28  Mutalisk x2  
  90  20:37  Mutalisk  
  92  20:46  Mutalisk  
  89  20:55  Mutalisk  
  65  21:04  Mutalisk  
  65  21:05  Zergling x2  
  65  21:06  Zergling x2  
  65  21:07  Zergling x4  
Tags
 
Add a new tag
Caveats
  • Supply blocks, unpowered buildings, or Contaminate may cause inaccurate times.
  • Supply counts are checked every 10 seconds.